 Dungeon Crawl Stone Soup version 0.27.1-16-g815e20cd7a (webtiles) character file.

Game seed: 4437113589758049910

1647 CrazyMind the Slasher (level 9, -11/63 HPs)
             Began as a Djinni Gladiator on Nov 21, 2021.
             Was a Believer of Okawaru.
             Mangled by a komodo dragon (24 damage)
             ... on level 8 of the Dungeon.
             The game lasted 00:23:57 (7781 turns).

CrazyMind the Slasher (Djinni Gladiator)            Turns: 7781, Time: 00:23:58

Health: -11/63     AC:  8    Str: 16    XL:     9   Next: 19%
Gold:   382        EV: 11    Int: 10    God:    Okawaru [**....] SH:  5 Dex: 15

rFire    + + .     SeeInvis .   a - +0 long sword
rCold    . . .     Faith    .   f - +0 buckler
rNeg     . . .     Spirit   .   E - +0 scale mail {rC+}
rPois    ∞         Reflect  .   c - +0 helmet
rElec    .         Harm     .   (no cloak)
rCorr    .         Rampage  .   (no gloves)
Will     .....                  (boots unavailable)
Stlth    ..........             (no amulet)
HPRegen  0.20/turn              (no ring)
MPRegen  0.00/turn              (no ring)

@: flying
A: sickness immunity, fire resistance 2, cold vulnerability 1, float, innate
caster, hp casting, extra vitality 1
a: Renounce Religion, Heroism


You were on level 8 of the Dungeon.
You worshipped Okawaru.
Okawaru was pleased with you.
You visited 2 branches of the dungeon, and saw 9 of its levels.

You collected 382 gold pieces.

Inventory:

Hand Weapons
 a - a +0 long sword (weapon)
 H - a +1 short sword of venom
Missiles
 d - 3 throwing nets
 e - 5 silver javelins
 i - 7 atropa-tipped darts (quivered)
 l - 20 boomerangs
 n - 223 stones
 u - 7 javelins
 y - 9 poisoned darts
Armour
 c - a +0 helmet (worn)
 f - a +0 buckler (worn)
 E - a +0 scale mail of cold resistance (worn)
Wands
 C - a wand of iceblast (10)
Scrolls
 b - a scroll of teleportation {unknown}
 j - 2 scrolls of enchant weapon
 m - a scroll of torment {unknown}
 o - 2 scrolls of identify
 p - a scroll of holy word
 r - a scroll of vulnerability {unknown}
 t - a scroll of immolation {unknown}
 z - a scroll of enchant armour {unknown}
 B - a scroll of noise {unknown}
 D - a scroll of brand weapon {unknown}
 F - a scroll of blinking {unknown}
 G - a scroll of silence {unknown}
Potions
 g - 2 potions of haste {unknown}
 h - 2 potions of curing
 q - a potion of might {unknown}
 s - a potion of heal wounds {unknown}
 v - a potion of flight {unknown}
 w - a potion of attraction {unknown}
 x - a potion of brilliance {unknown}
 A - a potion of berserk rage {unknown}


   Skills:
 + Level 4.3 Fighting
 + Level 6.6 Long Blades
 + Level 2.5 Throwing
 + Level 3.3 Armour
 + Level 5.4 Dodging
 + Level 4.4 Shields
 * Level 1.8 Invocations


You couldn't memorise any spells.
You knew the following spells:

 Your Spells              Type           Power      Damage    Failure   Level
a - Freeze                Ice            0%         1d3       80%         1
b - Poisonous Vapours     Pois/Air       0%         N/A       90%         2
c - Searing Ray           Conj           0%         3d3       90%         2
d - Tukima's Dance        Hex            0%         N/A       99%         3
Your spell library was empty.

Dungeon Overview and Level Annotations

Branches:
Dungeon (8/15)             Temple (1/1) D:4
   Lair: D:8-11

Altars:
Ashenzari
Cheibriados
Elyvilon
Fedhas
Gozag
Hepliaklqana
Kikubaaqudgha
Makhleb
Nemelex Xobeh
Okawaru
Qazlal
Ru
Sif Muna
Trog
Uskayaw
Vehumet
Wu Jian
Xom
Yredelemnul
The Shining One

Shops:
D:7 =

Annotations:
D:4 3 runed translucent doors, Sopaderocas's ghost, amateur HOMo
D:5 exclusion: downstairs
D:6 Maggie


Innate Abilities, Weirdness & Mutations

You are immune to sickness and miasma.
You are immune to poison.
Your flesh is very heat resistant. (rF++)
You are vulnerable to cold. (rC-)
You float through the air rather than walking.
You learn spells naturally, not from books.
Your magical power is your life essence.
You have superior vitality. (+4 HP)


Message History

The komodo dragon is lightly wounded.
An orc comes into view. It is wielding a +0 club.
The komodo dragon bites you.
You hit the komodo dragon.
The komodo dragon is moderately wounded.
You slash the komodo dragon!
The komodo dragon is moderately wounded.
You block the komodo dragon's attack.
You hit the komodo dragon but do no damage.
The komodo dragon is moderately wounded.
The komodo dragon closely misses you.
You riposte.
You hit the komodo dragon.
The komodo dragon is heavily wounded.
An orc comes into view. It is wielding a +4 dagger.
You hit the komodo dragon but do no damage.
The komodo dragon is heavily wounded.
The komodo dragon bites you!!
* * * LOW HITPOINT WARNING * * *
Press: ? - help, v - describe, . - travel
Here: a komodo dragon (heavily wounded)
The floor.
Unknown command.
As you read the scroll of fear, it crumbles to dust.
You assume a fearsome visage.
The centaur looks frightened!
The orc looks frightened! x3; The komodo dragon looks frightened!
You feel like a meek peon again.
Cornered, the komodo dragon turns to fight!
Okay, then.
Unknown command.
You feel better. The komodo dragon closely misses you.
You riposte.
You hit the komodo dragon.
The komodo dragon is heavily wounded.
Okay, then.
Unknown command.
Okay, then.
Unknown command.
As you read the scroll labelled ZUIRUBL XIZINA, it crumbles to dust.
You speak a Word of immense power!
It was a scroll of holy word.
An orc wizard comes into view. It is wielding a +0 dagger.
The komodo dragon bites you!!
You die...

######
###############...:..
#<.......@ll{......#
#.###########o.....#
#.# #.l.......... #.#
#.###..c...## #.#
#.$.o..# #.# ###(##.#
#.# .# .. #.. .# . ..


You could see a komodo dragon, a wyvern and an orc wizard.

Vanquished Creatures
  2 water moccasins
  A sky beast (D:7)
  A centaur (D:7)
  2 ogres
  2 necrophages
  2 phantoms
  A water moccasin zombie (D:6)
  A scorpion (D:6)
  A howler monkey (D:7)
  A hound (D:4)
  4 orc priests
  A bullfrog skeleton (D:5)
  A jelly (D:4)
  A centaur skeleton (D:5)
  2 iguanas
  3 orc wizards
  A scorpion zombie (D:5)
  6 adders
  5 gnolls
  A howler monkey skeleton (D:5)
  A shadow imp (D:5)
  A white imp (D:6)
  A worm (D:3)
  4 dart slugs
  14 orcs
  3 ball pythons
  5 bats
  5 endoplasms
  A giant cockroach (D:1)
  10 goblins
  11 hobgoblins
  9 quokkas
  6 frilled lizards
  6 kobolds
  5 rats (D:1)
121 creatures vanquished.

Notes
Turn   | Place    | Note
-------+----------+-------------------------------------------
     0 | D:1      | CrazyMind the Djinni Gladiator began the quest for the Orb.
     0 | D:1      | Reached XP level 1. HP: 18/18 MP: 0/0
    81 | D:1      | Reached XP level 2. HP: 23/23 MP: 0/0
   412 | D:1      | Reached skill level 3 in Long Blades
   433 | D:1      | Reached XP level 3. HP: 28/28 MP: 0/0
   433 | D:1      | Learned a level 1 spell: Freeze
   686 | D:1      | Reached skill level 1 in Shields
  1265 | D:2      | Reached XP level 4. HP: 31/33 MP: 0/0
  2098 | D:3      | Found a white marble altar of Elyvilon.
  2306 | D:3      | Reached XP level 5. HP: 38/38 MP: 0/0
  2306 | D:3      | Learned a level 2 spell: Poisonous Vapours
  2513 | D:3      | Found a faded altar of an unknown god.
  2674 | D:4      | Noticed a phantom
  2693 | D:4      | Reached skill level 1 in Armour
  2699 | D:4      | Killed a phantom
  2700 | D:4      | Reached skill level 4 in Long Blades
  2928 | D:4      | Reached XP level 6. HP: 45/45 MP: 0/0
  2952 | D:4      | Found a staircase to the Ecumenical Temple.
  2962 | Temple   | Entered the Ecumenical Temple
  3559 | D:4      | Found a runed translucent gate.
  3559 | D:4      | Noticed Sopaderocas's ghost (amateur HOMo)
  3560 | D:4      | Found a runed translucent gate.
  3560 | D:4      | Found a runed translucent gate.
  3713 | D:4      | Noticed an ogre
  3738 | D:4      | Killed an ogre
  3922 | D:4      | Found an iron altar of Okawaru.
  3930 | D:4      | Reached XP level 7. HP: 34/49 MP: 0/0
  3930 | D:4      | Learned a level 2 spell: Searing Ray
  3941 | D:4      | Became a worshipper of Warmaster Okawaru
  4177 | D:5      | Entered Level 5 of the Dungeon
  4242 | D:5      | Noticed a water moccasin
  4261 | D:5      | Killed a water moccasin
  4664 | D:5      | Reached skill level 5 in Long Blades
  5182 | D:6      | Reached * piety under Okawaru
  5316 | D:6      | Reached XP level 8. HP: 38/56 MP: 0/0
  5934 | D:6      | Found a bloodstained altar of Trog.
  5966 | D:6      | Reached skill level 5 in Dodging
  6267 | D:6      | Noticed Maggie
  6499 | D:7      | Reached skill level 6 in Long Blades
  6909 | D:7      | Reached ** piety under Okawaru
  6910 | D:7      | Reached skill level 1 in Invocations
  6910 | D:7      | Reached XP level 9. HP: 17/62 MP: 0/0
  6910 | D:7      | Learned a level 3 spell: Tukima's Dance
  7290 | D:7      | Found Tiudgh's Jewellery Shop.
  7759 | D:8      | Noticed a komodo dragon
  7776 | D:8      | HP: 3/63 [komodo dragon (28)]
  7781 | D:8      | Mangled by a komodo dragon

Illustrated notes

Levels and vault maps discovered:
D:1:      lightli_arrival_statue_moat, layout_loops_ring
D:2:      layout_basic, grunt_ministairs_10
D:3:      layout_basic, lemuel_tele_altar,
          hellmonk_ecumenical_altar_inner_sanctum, grunt_ministairs_6
D:4:      layout_loops_cross, okawaru_altar_gauntlet_db,
          minmay_temple_entry_tees, gammafunk_ghost_nasty_kobolds,
          minmay_diced_spiral
D:5:      layout_cave_pools, serial_glass, glass_columns_c, glass_columns_a
D:6:      layout_rooms, lemuel_crystal_altar, led_sif_book, uniq_maggie
D:7:      layout_cave_pools, corexii_item_surrounded_by_moat,
          hangedman_abyss_or_decor_stabs, nicolae_take_the_stairs,
          lemuel_old_faithful
D:8:      layout_loops_ring, kennysheep_mini, ebering_ghost_xom,
          grunt_decor_fettered, serial_bayou_ford_a, uniq_grum
Temple:   eino_temple_rhombus

Skill      XL: |  1  2  3  4  5  6  7  8 |
---------------+-------------------------+-----
Long Blades    | 3 4 5 6 |  6.6
Shields        | 1 2 3 4 |  4.4
Dodging        | 4 5 |  5.4
Armour         | 1 2 3 |  3.3
Fighting       | 3 4 |  4.3
Throwing       | 2 |  2.5
Invocations    | 1 |  1.8

Action                   |  1- 3 |  4- 6 |  7- 9 || total
-------------------------+-------+-------+-------++-------
Melee: Long sword        |    87 |   158 |   242 ||   487
Throw: Stone             |       |     8 |       ||     8
       Dart              |       |     3 |    22 ||    25
       Boomerang         |       |     1 |     8 ||     9
Invok: Heroism           |       |       |     7 ||     7
  Use: Scroll            |       |       |     4 ||     4
       Potion            |       |       |     2 ||     2
 Stab: Sleeping          |     1 |     2 |       ||     3
       Invisible         |       |     2 |     1 ||     3
Armor: Leather armour    |    30 |    36 |    35 ||   101
       Scale mail        |       |       |    38 ||    38
Dodge: Dodged            |    73 |   107 |   173 ||   353
Block: Buckler           |       |       |    28 ||    28
       Rpst.: Long sword |    29 |    39 |    69 ||   137
